AoeStats
← Horizon

Black Forest

508284742Analyzed
4v4 RM · 10d ago on Sep 21, 2026· 47m 32s· 8 players
Game mode
Random Map
Map size
Large (8 player)
Population
200
Speed
Normal
Resources
Standard
Victory
Conquest
Starting age
Dark Age
Ending age
Imperial Age
RankedLock teamsTeams togetherTeam positionsShared explorationLock speedFull tech treeHidden civsTurbo modeCheats
Victory
Defeat
🇺🇸 Romans · United States
1530
+17
🇭🇺 Aztecs · Hungary
1506
+18
🇵🇰 Hindustanis · Pakistan
1490
+19
🇹🇼 Franks · Taiwan
1457
+20
🇫🇷 Dravidians · France
1717
-24
🇲🇦 Jurchens · Morocco
1610
-21
🇨🇭 Georgians · Switzerland
1465
-15
🇫🇷 Poles · France
1433
-14
Bl++d
2:28 Loom
11:09 Feudal Age
16:32 Castle Age
14:25 Fishing Lines
14:47 Double-Bit Axe
17:24 Bow Saw
20:50 Gillnets
25:16 Wheelbarrow
27:35 Imperial Age
25:45 Scale Mail Armor
25:57 Forging
25:43 Stone Mining
25:46 Gold Mining
27:00 Eagle Warrior
27:41 Squires
28:03 Hand Cart
28:31 Chain Mail Armor
28:51 Iron Casting
28:02 Pikeman
30:13 Gold Shaft Mining
30:11 Plate Mail Armor
32:14 Blast Furnace
32:03 Capped Ram
32:52 Gambesons
32:27 Man-at-Arms
33:49 Garland Wars
33:49 Conscription
33:41 Caravan
34:57 Siege Ram
34:59 Long Swordsman
36:43 Elite Eagle Warrior
37:47 Horse Collar
40:58 Heavy Plow
40:41 Onager
42:21 Crop Rotation
46:53 Siege Engineers
偷偷
0:26 Loom
13:34 Feudal Age
17:12 Castle Age
16:09 Fletching
17:14 Double-Bit Axe
17:49 Gold Mining
21:35 Bodkin Arrow
21:29 Crossbowman
25:38 Bow Saw
29:53 Wheelbarrow
34:33 Imperial Age
32:50 Hand Cart
35:31 Scale Barding Armor
37:12 Chain Barding Armor
37:50 Conscription
37:38 Cavalier
38:18 Husbandry
40:05 Plate Barding Armor
40:07 Forging
41:17 Town Watch
41:50 Paladin
43:10 Iron Casting
48:23 Blast Furnace
Buhr
6:08 Loom
9:09 Feudal Age
9:19 Man-at-Arms
12:48 Horse Collar
12:53 Double-Bit Axe
23:23 Castle Age
23:36 Fletching
24:22 Bow Saw
25:01 Heavy Plow
26:17 Pikeman
27:59 Squires
28:00 Scale Mail Armor
27:56 Stone Mining
27:57 Gold Mining
35:16 Imperial Age
33:12 Town Watch
34:03 Wheelbarrow
33:48 Long Swordsman
34:46 Chain Mail Armor
34:41 Forging
35:00 Bodkin Arrow
35:48 Legionary
37:39 Caravan
38:10 Conscription
38:28 Iron Casting
37:21 Halberdier
39:15 Coinage
39:19 Hand Cart
40:18 Chemistry
40:53 Blast Furnace
41:52 Gold Shaft Mining
43:37 Siege Engineers
42:56 Capped Ram
44:16 Siege Ram
48:15 Banking
47:56 Guilds
47:47 Padded Archer Armor
48:01 Masonry
47:13 Onager
Horizon
11:37 Feudal Age
12:35 Double-Bit Axe
15:17 Castle Age
13:25 Fishing Lines
16:17 Bow Saw
22:25 Wheelbarrow
21:36 Town Watch
21:37 Loom
23:53 Hand Cart
24:45 Gold Mining
24:47 Stone Mining
26:36 Horse Collar
30:33 Imperial Age
28:01 Gillnets
28:17 Scale Barding Armor
28:22 Forging
28:30 Caravan
30:02 Chain Barding Armor
30:16 Bloodlines
30:06 Husbandry
31:09 Heavy Camel Rider
32:25 Iron Casting
32:30 Plate Barding Armor
33:02 Heavy Plow
34:23 Chemistry
33:33 Masonry
33:29 Siege Engineers
33:36 Imperial Camel Rider
34:54 Coinage
35:16 Iron Casting
35:25 Conscription
35:08 Grand Trunk Road
36:16 Banking
37:34 Blast Furnace
-2n+2q
0:40 Loom
13:44 Feudal Age
14:23 Double-Bit Axe
17:23 Castle Age
16:22 Fishing Lines
18:34 Bow Saw
19:35 Demolition Ship
23:26 Wheelbarrow
22:12 Demolition Ship
26:30 Horse Collar
28:11 Gillnets
31:16 Imperial Age
30:01 Padded Archer Armor
29:52 Fletching
30:46 Hand Cart
31:01 Ballistics
31:00 Gold Mining
31:30 Thumb Ring
31:23 Bodkin Arrow
31:44 Leather Archer Armor
32:04 Bracer
33:09 Chemistry
32:30 Elite Elephant Archer
36:36 Two-Man Saw
37:09 Caravan
37:24 Husbandry
38:05 Heavy Plow
41:19 Ring Archer Armor
atchoubaka
13:16 Feudal Age
14:14 Double-Bit Axe
14:23 Gold Mining
17:08 Castle Age
19:48 Fletching
20:31 Scale Barding Armor
21:07 Bodkin Arrow
22:27 Szlachta Privileges
25:58 Forging
26:59 Husbandry
29:02 Bloodlines
32:11 Wheelbarrow
32:18 Chain Barding Armor
32:42 Fishing Lines
33:29 Hand Cart
37:29 Imperial Age
36:29 Horse Collar
37:11 Ballistics
37:55 Iron Casting
37:49 Cavalier
39:47 Capped Ram
41:52 Blast Furnace
42:42 Bracer
45:41 Caravan
BehCoY
3:15 Loom
12:20 Feudal Age
16:21 Castle Age
14:42 Double-Bit Axe
19:42 Bow Saw
25:07 Horse Collar
26:04 Heavy Plow
26:34 Fishing Lines
28:21 Wheelbarrow
31:32 Imperial Age
32:08 Hand Cart
31:45 Gold Mining
31:46 Stone Mining
34:02 Stone Shaft Mining
33:59 Crop Rotation
33:22 Gillnets
34:03 Guard Tower
34:00 Arrowslits
35:15 Chemistry
34:28 Svan Towers
35:03 Hoardings
34:49 Conscription
34:36 Aznauri Cavalry
36:19 Caravan
37:20 Keep
37:06 Ballistics
36:18 Pikeman
36:43 Gambesons
36:59 Squires
40:34 Fletching
40:45 Padded Archer Armor
40:45 Heavy Cavalry Archer
41:51 Parthian Tactics
44:32 Bodkin Arrow
44:53 Leather Archer Armor
45:23 Bloodlines
45:13 Husbandry
46:47 Masonry
46:19 Treadmill Crane
Skrillll
11:56 Feudal Age
10:38 Loom
12:56 Double-Bit Axe
18:33 Castle Age
23:20 Fishing Lines
26:25 Bow Saw
26:32 Horse Collar
27:56 Bloodlines
30:02 Scale Barding Armor
30:08 Forging
32:08 Wheelbarrow
31:55 Husbandry
32:26 Pikeman
33:06 Squires
34:51 Hand Cart
35:43 Scale Mail Armor
36:50 Chain Mail Armor
39:41 Imperial Age
38:38 Iron Casting
38:33 Caravan
39:08 Fletching
39:18 Padded Archer Armor
39:29 Siege Engineers
39:44 Halberdier
41:25 Blast Furnace
42:00 Conscription
41:45 Fortified Bastions
45:23 Town Watch
Connection lost

Rejoining the realm…

Still unreachable

The connection could not be restored.

Session expired

The server has moved on; the page needs a fresh start.